 Dungeon Crawl Stone Soup version 0.28-a0-851-g8b9cc49659 (webtiles) character file.

Game seed: 15950259127063202294

9 ragingrage the Sneak (level 2, 0/23 HPs)
             Began as a Merfolk Brigand on Nov 14, 2021.
             Slain by a gnoll (5 damage)
             ... on level 1 of the Dungeon.
             The game lasted 00:00:25 (400 turns).

ragingrage the Sneak (Merfolk Brigand)               Turns: 400, Time: 00:00:25

Health: 0/23       AC:  3    Str: 11    XL:     2   Next: 16%
Magic:  2/2        EV: 12    Int: 10    God:
Gold:   13         SH:  0    Dex: 15    Spells: 1/1 levels left

rFire   . . .      SeeInvis .   a - +2 dagger
rCold   . . .      Faith    .   (no shield)
rNeg    . . .      Spirit   .   b - +0 robe
rPois   .          Reflect  .   (no helmet)
rElec   .          Harm     .   c - +0 cloak
rCorr   .          Rampage  .   (no gloves)
Will    .....                   (no boots)
Stlth   +++.......              (no amulet)
HPRegen 0.07/turn               (no ring)
MPRegen 0.08/turn               (no ring)

@: no status effects
A: (nimble swimmer 2), mertail
a: no special abilities


You were on level 1 of the Dungeon.
You visited 1 branch of the dungeon, and saw 1 of its levels.

You collected 13 gold pieces.

Inventory:

Hand Weapons
 a - a +2 dagger (weapon)
Missiles
 d - 7 poisoned darts (quivered)
 e - 2 curare-tipped darts
Armour
 b - a +0 robe (worn)
 c - a +0 cloak (worn)
Potions
 f - 2 potions of magic {unknown}


   Skills:
 + Level 2.6 Fighting
 - Level 2.4 Short Blades
 - Level 2.0 Throwing
 + Level 2.3 Dodging
 - Level 4.3 Stealth


You had one spell level left.
You didn't know any spells.
Your spell library contained the following spells:

 Spells                   Type           Power      Damage    Failure   Level
 Magic Dart               Conj           0%         1d3       36%         1
 Searing Ray              Conj           0%         2d4       50%         2
 Ozocubu's Armour         Ice            0%         N/A       75%         3
 Fulminant Prism          Conj/Hex       0%         3d6       98%         4
 Ozocubu's Refrigeration  Ice            0%         4d5       100%        7


Dungeon Overview and Level Annotations

Branches:
Dungeon (1/15)

Altars:

Shops:
D:1 (


Innate Abilities, Weirdness & Mutations

((You are quick and stealthy near water. (Stealth+, EV+, Speed+++)))
Your lower body shifts to a powerful aquatic tail in water.


Message History

A rat is nearby!
The rat closely misses you.
You hit the rat.
The rat is severely wounded.
The rat bites you.
You hit the rat.
You kill the rat!
No target in view!
No target in view!
No target in view!
No target in view!
No target in view!
No target in view!
No target in view!
You now have 3 gold pieces.
You see here a +0 hunting sling.
Found a short sword.
Found 16 stones.
No target in view!
No target in view!
f - 2 sedimented yellow potions No target in view!
You now have 13 gold pieces (gained 10).
You see here a +0 short sword.
A gnoll comes into view. It is wielding a +0 spear.
A gnoll is nearby!
The gnoll hits you with a +0 spear!
You hit the gnoll.
The gnoll is lightly wounded.
The gnoll hits you with a +0 spear.
The gnoll hits you from afar with a +0 spear.
* * * LOW HITPOINT WARNING * * *
Throw: 8 darts (poison)
Press: ? - help, Q - select action, (/) - cycle Shift-Dir - straight line, f - gnoll
Aim: a gnoll, wielding a +0 spear (lightly wounded, 64% to hit)
You throw a poisoned dart. The poisoned dart hits the gnoll.
The gnoll is poisoned.
The gnoll is lightly wounded.
The gnoll hits you from afar with a +0 spear.
You die...

............##.....#
##.##
.#.##.#####..#.....####
#.#. .#.##.#
##..........# #.#.
...##.# ###.....##.#
#.#. #.##..# #.....##.#
#.#. ..##)##
#.....##.########...
.#...#
####.###............
...###
######.######.........
..## #..g.@..#
##........ ..#
#........# #........
..# #........#
#........ ..#
########...# #........
..# ##............ ..#
####........ ..#
######### ###


You could see a gnoll (poisoned).

Vanquished Creatures
  A dart slug (D:1)
  3 endoplasms (D:1)
  A hobgoblin (D:1)
  A frilled lizard (D:1)
  A rat (D:1)
7 creatures vanquished.

Notes
Turn   | Place    | Note
-------+----------+-------------------------------------------
     0 | D:1      | ragingrage the Merfolk Brigand began the quest for the Orb.
     0 | D:1      | Reached XP level 1. HP: 16/16 MP: 1/1
    25 | D:1      | Found Jaziyprukoi's Antique Weapon Emporium.
   265 | D:1      | Reached XP level 2. HP: 23/23 MP: 2/2
   400 | D:1      | Slain by a gnoll

Illustrated notes

Levels and vault maps discovered:
D:1:      scummos_arrival_forest, layout_rooms, serial_shops, shop

Skill      XL: |  1 |
---------------+----+-----
Dodging        | 2 |  2.3
Fighting       | |  2.6
Short Blades   | |  2.4
Throwing       | |  2.0
Stealth        | |  4.3

Action                   || total
-------------------------++-------
Melee: Dagger            ||    16
Throw: Dart              ||     1
 Stab: Sleeping          ||     3
Dodge: Dodged            ||     5

Table legend: (Time is in decaauts)
 A = Elapsed time spent in this place.
 B = Non-inter-level travel time spent in this place.
 C = Inter-level travel time spent in this place.
 D = Time resting spent in this place.
 E = Time spent auto-exploring this place.
 F = Levels seen in this place.
 G = Mean time per level.
                   A        B        C        D        E       F      G
               +--------+--------+--------+--------+--------+-----+--------+
         Total |    398 |    398 |      0 |     86 |    253 |   1 |  398.0 |
       Dungeon |    398 |    398 |      0 |     86 |    253 |   1 |  398.0 |
               +--------+--------+--------+--------+--------+-----+--------+

Top non-repeatable levels by time:
     D:1: 398 daAuts
